 Dungeon Crawl Stone Soup version 0.30-a0-234-g97d66968fd (webtiles) character file.

Game seed: 9114319861940831772

310826 Bnni the Crack Shot (level 20, -30/159 (170) HPs)
             Began as a Demonspawn Hunter on Oct 9, 2022.
             Was a High Priest of Okawaru.
             Annihilated by an ironbound thunderhulk
             ... wielding a +2 dire flail of holy wrath
              (41 damage)
             ... in the Arena on Oct 10, 2022.
             The game lasted 02:27:51 (41111 turns).

Bnni the Crack Shot (Demonspawn Hunter)            Turns: 41111, Time: 02:27:56

HP:   -30/159 (170) AC: 15    Str: 16    XL:     20   Next: 40%
MP:   0/24          EV: 19    Int: 21    God:    Okawaru [*****.]
Gold: 2630          SH:  5    Dex: 15    Spells: 13/37 levels left

rFire   + + +      SeeInvis +    S - +6 triple crossbow of Prudence {vorpal, rElec rC+++ rCorr Dex-4}
rCold   + + +      Faith    .    (shield currently unavailable)
rNeg    + + .      Spirit   .    T - +3 leather armour {rC+ rF+}
rPois   .          Reflect  +    q - +1 helmet "Ihiuliugu" {Rampage rF+ MP-9 Slay+3}
rElec   +          Harm     .    r - +0 cloak of Judumir {rF++ Int+4}
rCorr   +          Rampage  +    (gloves unavailable)
Will    +....                    h - +0 pair of boots "Orroaczu" {rElec rC+ Str+3 SInv}
Stlth   +++.......               g - amulet of reflection
HPRegen 0.46/turn                z - +4 ring of slaying
MPRegen 0.19/turn                V - ring "Iraposmi" {Ice rN++ Int+6 Dex-5}

@: liquefying, heroic, finesse-ful, marked, frozen, very slightly contaminated,
slowed movement, drained, duelling, very slow
A: claws 3, yellow scales 2, foul stench 3, demonic magic 2
}: 2/15 runes: decaying, serpentine
a: Renounce Religion, Heroism, Finesse, Duel


You were in the Arena.
You worshipped Okawaru.
Okawaru was extremely pleased with you.
You visited 8 branches of the dungeon, and saw 36 of its levels.
You also visited: Trove, Bailey and Ice Cave.

You collected 4749 gold pieces.
You spent 2119 gold pieces at shops.

Inventory:

Hand Weapons
 R - a +2 triple crossbow of flaming
 S - the +6 triple crossbow of Prudence (weapon) {vorpal, rElec rC+++ rCorr Dex-4}
   (Okawaru gifted it to you on level 4 of the Snake Pit)

   Any ammunition fired from it inflicts extra damage upon your enemies.
   Dex:       It affects your dexterity (-4).
   rC:        It renders you almost immune to cold.
   rElec:     It insulates you from electricity.
   rCorr:     It protects you from acid and corrosion.
 W - the +8 arbalest "Cahytato" {flame, Will+ rCorr Str+2}
   (You bought it in a shop on level 4 of the Snake Pit)

   Any ammunition fired from it burns those it strikes, dealing additional fire
   damage.
   Str:       It affects your strength (+2).
   rCorr:     It protects you from acid and corrosion.
   Will:      It increases your willpower.
Armour
 h - the +0 pair of boots "Orroaczu" (worn) {rElec rC+ Str+3 SInv}
   (Okawaru gifted it to you on level 4 of the Swamp)

   Str:       It affects your strength (+3).
   rC:        It protects you from cold.
   rElec:     It insulates you from electricity.
   SInv:      It lets you see invisible.
 q - the +1 helmet "Ihiuliugu" (worn) {Rampage rF+ MP-9 Slay+3}
   (You found it in a treasure trove)

   Slay:      It affects your accuracy & damage with ranged weapons and melee
   (+3).
   rF:        It protects you from fire.
   MP:        It affects your magic capacity (-9).
   Rampage:   It bestows one free step when moving towards enemies.
 r - the +0 cloak of Judumir (worn) {rF++ Int+4}
   (Okawaru gifted it to you on level 5 of the Lair of Beasts)

   Int:       It affects your intelligence (+4).
   rF:        It greatly protects you from fire.
 T - a +3 leather armour of resistance (worn)
Jewellery
 g - an amulet of reflection (around neck)
 l - the amulet of Ozizob {RegenMP Regen+ MP+9 Int-4}
   (You found it in an ice cave)

   [amulet of magic regeneration]

   It increases your rate of magic regeneration.
   Int:       It affects your intelligence (-4).
   MP:        It affects your magic capacity (+9).
   Regen:     It increases your rate of health regeneration.
 m - a ring of positive energy
 w - the ring of Mysticism {rPois Str+4 Dex+6}
   (You found it on level 4 of the Dungeon)

   [ring of dexterity]

   Str:       It affects your strength (+4).
   Dex:       It affects your dexterity (+6).
   rPois:     It protects you from poison.
 x - a ring of protection from cold
 z - a +4 ring of slaying (left claw)
 C - a ring of protection from fire
 P - a ring of resist corrosion
 Q - a ring of see invisible
 U - a ring of protection from fire
 V - the ring "Iraposmi" (right claw) {Ice rN++ Int+6 Dex-5}
   (You took it off a deep elf sorcerer on level 3 of the Elven Halls)

   [ring of ice]

   It enhances your ice magic.
   Int:       It affects your intelligence (+6).
   Dex:       It affects your dexterity (-5).
   rF:        It makes you vulnerable to fire.
   rC:        It protects you from cold.
   rN:        It greatly protects you from negative energy.
Wands
 e - a wand of digging (3)
 v - a wand of quicksilver (28)
 B - a wand of mindburst (47)
 M - a wand of roots (16)
Scrolls
 b - a scroll of blinking
 f - 3 scrolls of magic mapping
 i - a scroll of acquirement
 o - 5 scrolls of poison
 p - 21 scrolls of teleportation
 y - 7 scrolls of fog
 A - 3 scrolls of amnesia
 F - 2 scrolls of enchant armour
 H - 3 scrolls of torment
 L - 7 scrolls of vulnerability
 N - a scroll of silence
 Z - 3 scrolls of enchant weapon
Potions
 a - 2 potions of heal wounds
 c - 9 potions of mutation
 d - 2 potions of ambrosia
 j - 5 potions of attraction
 s - 8 potions of brilliance
 t - 14 potions of curing
 D - 6 potions of haste
 G - 2 potions of magic
 I - 5 potions of cancellation
 J - 2 potions of berserk rage
 K - 5 potions of might
 O - 5 potions of resistance
 X - 5 potions of flight


   Skills:
 + Level 18.1(23.1) Fighting
 - Level 21.4(26.4) Ranged Weapons
 - Level 5.0(10.0) Armour
 - Level 10.0(15.0) Dodging
 - Level 0.8(5.8) Stealth
 + Level 9.3 Spellcasting
 + Level 9.0 Hexes
 * Level 13.4 Translocations
 - Level 13.0 Invocations


You had 13 spell levels left.
You knew the following spells:

 Your Spells              Type           Power      Damage    Failure   Level
a - Apportation           Tloc           100%       N/A       1%          1
b - Blink                 Tloc           100%       N/A       1%          2
c - Slow                  Hex            100%       N/A       1%          1
d - Passage of Golubria   Tloc           60%        N/A       1%          4
e - Leda's Liquefaction   Hex/Erth       14%        N/A       12%         4
f - Dazzling Flash        Conj/Hex       56%        N/A       3%          3
g - Portal Projectile     Hex/Tloc       100%       N/A       1%          3
s - Dispersal             Tloc           30%        N/A       4%          6

Your spell library contained the following spells:

 Spells                   Type           Power      Damage    Failure   Level
 Momentum Strike          Conj/Tloc      76%        3d10      1%          2
 Confusing Touch          Hex            47%        N/A       1%          3
 Gell's Gravitas          Tloc           60%        N/A       1%          3
 Lesser Beckoning         Tloc           100%       N/A       1%          3
 Teleport Other           Tloc           60%        N/A       1%          3
 Vhi's Electric Charge    Tloc/Air       76%        N/A       1%          3
 Manifold Assault         Tloc           60%        N/A       1%          4
 Iskenderun's Mystic Bla  Conj/Tloc      38%        2d9       4%          4
 Beastly Appendage        Tmut           18%        N/A       9%          1
 Foxfire                  Conj/Fire      36%        2x1d5     9%          1
 Necrotise                Necr           36%        1d5       9%          1
 Sting                    Tmut/Pois      36%        1d4       9%          1
 Cigotuvi's Dreadful Rot  Necr/Pois/Air  18%        N/A       12%         2
 Poisonous Vapours        Pois/Air       18%        N/A       12%         2
 Wereblood                Tmut           9%         N/A       12%         2
 Frozen Ramparts          Ice            28%        1d5       24%         3
 Ozocubu's Armour         Ice            14%        N/A       24%         3
 Spider Form              Tmut/Pois      9%         N/A       24%         3
 Stone Arrow              Conj/Erth      18%        3d8       24%         3
 Vampiric Draining        Necr           9%         2d6       24%         3
 Metabolic Englaciation   Hex/Ice        21%        N/A       34%         5
 Silence                  Hex/Air        14%        N/A       34%         5
 Dispel Undead            Necr           9%         3d8       63%         4
 Flame Wave               Conj/Fire      9%         2d6       63%         4
 Ice Form                 Ice/Tmut       14%        N/A       63%         4
 Olgreb's Toxic Radiance  Pois           9%         N/A       63%         4
 Petrify                  Tmut/Erth      9%         N/A       63%         4
 Disjunction              Tloc           30%        N/A       91%         8
 Arcjolt                  Conj/Air       4%         1d14      92%         5
 Blade Hands              Tmut           4%         N/A       92%         5
 Fireball                 Conj/Fire      4%         3d4       92%         5
 Irradiate                Conj/Tmut      4%         3d13      92%         5
 Lee's Rapid Deconstruct  Erth           4%         3d6*      92%         5
 Starburst                Conj/Fire      4%         6d4       100%        6
 Statue Form              Tmut/Erth      6%         N/A       100%        6
 Dragon Form              Tmut           4%         N/A       100%        7
 Ozocubu's Refrigeration  Ice            7%         4d9       100%        7
 Lehudib's Crystal Spear  Conj/Erth      4%         10d3      100%        8
 Maxwell's Capacitive Co  Air            4%         ∞         100%        8
 Summon Small Mammal      Summ           Unusable   N/A       N/A         1
 Animate Armour           Summ/Erth      Unusable   N/A       N/A         4
 Summon Ice Beast         Ice/Summ       Unusable   N/A       N/A         4
 Death Channel            Necr           Unusable   N/A       N/A         6
 Spellforged Servitor     Conj/Summ      Unusable   N/A       N/A         7

Dungeon Overview and Level Annotations

Branches:
Dungeon (15/15)            Temple (1/1) D:6            Lair (5/5) D:8
  Swamp (4/4) Lair:3        Snake (4/4) Lair:3        Slime (0/5) Lair:5
    Orc (2/2) D:11            Elf (3/3) Orc:2        Vaults (2/5) D:14
  Crypt (0/3) Vaults:2     Depths (0/4) D:15         Bailey (visited)
  IceCv (visited)

Altars:
Ashenzari
Cheibriados
Fedhas
Gozag
Hepliaklqana
Kikubaaqudgha
Makhleb
Okawaru
Qazlal
Ru
Sif Muna
Trog
Uskayaw
Vehumet
Wu Jian
Xom
Yredelemnul
Jiyva

Shops:
D:1 =   D:3 (   D:7 ?   D:8 :   Orc:2 !*([   Elf:1 *?:   Elf:2 =:=?   Snake:2 !
Snake:4 (

Annotations:
D:15 3 runed translucent doors, Ishelikk's ghost, journeyman FeTm


Innate Abilities, Weirdness & Mutations

You have claws for hands.
You are mostly covered in yellow scales. (AC +3)
You frequently emit foul miasma when damaged in melee.
Spells you cast may paralyse nearby enemies.


Message History

* * * LOW HITPOINT WARNING * * *
You are encased in ice.
The deep troll misses you. The deep troll completely misses you.
The deep troll misses you.
You are too injured to fight recklessly!
Unknown command.
Fire: S) +6 triple crossbow of Prudence {vorpal, rElec rC+++ rCorr Dex-4}
Press: ? - help, Q - select action, (/) - cycle Shift-Dir - straight line, f - ironbound frostheart, p - deep troll
Aim: an ironbound frostheart, wearing a +0 scale mail (covering ground slowly, 82% to hit)
You shoot a bolt.
The bolt hits the ironbound frostheart!!
The ironbound frostheart is heavily wounded.
The ironbound frostheart calls freezing cold from the walls.
The frost grips you! You partially resist.
* * * LOW HITPOINT WARNING * * *
Strange energies crackle from the ironbound thunderhulk's apparatus.
The ironbound thunderhulk blinks!
Aiming: Duel (4% risk of failure)
Press: ? - help, Dir - move target, f - ironbound thunderhulk, p - ironbound frostheart
Aim: an ironbound thunderhulk, wielding a +2 dire flail of holy wrath and wearing a +0 animal skin (covering ground slowly)
You enter into single combat with the ironbound thunderhulk!
The world spins around you as you enter the gateway.
You enter Okawaru's Arena!
The spectator shouts! x6
The ironbound thunderhulk barely misses you.
Found a gate leading back out of this place.
There is an empty arch of ancient stone here.
You feel much better.
The spectator shouts!
Fire: S) +6 triple crossbow of Prudence {vorpal, rElec rC+++ rCorr Dex-4}
Press: ? - help, Q - select action, (/) - cycle Shift-Dir - straight line, f - ironbound thunderhulk
Aim: an ironbound thunderhulk, wielding a +2 dire flail of holy wrath and wearing a +0 animal skin (covering ground slowly, 84% to hit)
You shoot a bolt.
The bolt hits the ironbound thunderhulk!!!
The ironbound thunderhulk is heavily wounded.
The ironbound thunderhulk hits you with a +2 dire flail of holy wrath!!
* * * LOW HITPOINT WARNING * * *
You convulse!!!
You die...
Okawaru crowns the ironbound thunderhulk victorious!

###########
#..p▓p▓p..# ##
▓▓▓▓▓▓▓▓▓ ##
#.▓ ....... ▓.#
#.▓.#.....#.▓.#
#p▓.........▓p#
#▓▓.........▓▓#
#p▓....@O...▓p#
#▓▓.........▓▓#
#p▓.........▓p#
#.▓.#.....#.▓.#
#.▓ ....... ▓.#
## ▓▓▓▓▓▓▓▓▓ ##
#..p▓∩▓p..#
###########


You could see an ironbound thunderhulk (struggling).

Vanquished Creatures
  Nikola (Swamp:3)
  A tentacled monstrosity (Swamp:4)
  2 deep elf blademasters (Elf:3)
  2 deep elf master archers (Elf:3)
  A shadow dragon (Vaults:2)
  Donald (Swamp:2)
  7 nagarajas
  2 azure jellies (Swamp:4)
  Roxanne (D:14)
  7 vault wardens
  Louise (Swamp:2)
  3 deep elf sorcerers (Elf:3)
  A caustic shrike zombie (D:15)
  An orc warlord (Bailey)
  3 deep elf elementalists (Elf:3)
  A ghoul (Swamp:3)
  13 ironbound preservers
  A stone giant (Vaults:1)
  A very ugly thing (Vaults:2)
  2 ironbound thunderhulks
  6 deep elf demonologists (Elf:3)
  6 eleionomae
  9 deep elf annihilators (Elf:3)
  4 bunyips
  8 dire elephants (Vaults:1)
  An eidolon (Vaults:2)
  7 deep elf death magi
  2 deep elf high priests
  4 yaktaur captains
  5 vault guards
  A great orb of eyes (Vaults:2)
  3 ice dragons
  A peacekeeper (Vaults:2)
  2 salamander tyrants (Snake:3)
  9 hydras
  2 ogre magi (Orc:2)
  5 ironbound frosthearts
  9 centaur warriors
  3 ghost crabs
  17 naga warriors
  8 anacondas
  2 boulder beetles
  6 alligators
  9 death yaks
  12 two-headed ogres
  A tengu warrior (D:15)
  23 dancing weapons
  4 shock serpents
  21 naga sharpshooters
  13 deep elf knights
  3 salamander mystics
  6 sea snakes (Snake:4)
  3 skeletal warriors
  4 spriggan druids
  27 deep trolls
  A flayed ghost (D:15)
  7 goliath frogs
  4 bog bodies
  A swamp dragon (Swamp:3)
  3 wizards
  6 deep elf archers
  7 naga ritualists
  6 ironbound convokers
  5 orc knights
  4 lindwurms
  18 deep elf zephyrmancers
  4 necromancers
  29 deep elf pyromancers
  8 harpies
  An orc sorcerer (Orc:2)
  13 ugly things
  A wolf spider (D:15)
  11 mana vipers
  3 manticores
  9 cyclopes
  5 will-o-the-wisps
  11 salamanders
  4 vault sentinels
  A stone giant skeleton (D:15)
  A human skeleton (Vaults:2)
  5 elephants (Lair:5)
  25 naga magi
  3 guardian serpents
  An elf zombie (Vaults:2)
  2 ice statues (IceCv)
  38 black mambas
  A torpor snail (Lair:2)
  17 cane toads
  Psyche (D:8)
  6 rime drakes
  2 kobold demonologists
  3 unseen horrors (D:14)
  A yaktaur (shapeshifter) (D:15)
  4 gargoyles
  7 komodo dragons
  22 yaktaurs
  4 freezing wraiths (Swamp:4)
  2 tengu conjurers
  A guardian mummy (D:15)
  16 trolls
  3 meliai (D:14)
  9 tyrant leeches
  4 polar bears (Lair:5)
  11 hornets
  16 slime creatures
  6 dream sheep
  An ettin zombie (D:15)
  18 blink frogs
  3 vampires
  22 spriggans
  A shadow (D:10)
  A water elemental (Elf:3)
  A fire elemental (Elf:3)
  A spriggan skeleton (D:15)
  3 basilisks
  A human (shapeshifter) (D:13)
  2 wraiths
  6 wyverns
  45 yaks
  18 humans (D:14)
  Eustachio (D:6)
  A steam dragon (Lair:2)
  6 swamp worm simulacra (Swamp:4)
  7 vampire mosquitoes
  18 swamp worms
  5 wargs
  44 nagas
  An entropy weaver zombie (Vaults:2)
  Duvessa (D:5)
  14 hydra simulacra (Swamp:4)
  15 water moccasins
  5 black bears
  An ettin simulacrum (Vaults:2)
  4 swamp drakes (Swamp:1)
  An ice beast (D:7)
  19 orc warriors
  A sky beast (D:7)
  23 ogres
  5 boggarts
  26 wolves
  11 centaurs
  4 phantoms
  19 kobold brigands
  3 necrophages
  An ogre simulacrum (Vaults:2)
  9 bullfrogs
  3 earth elementals
  6 scorpions
  4 gnoll sergeants (D:11)
  A hornet simulacrum (D:15)
  Dowan (D:5)
  9 killer bees
  2 lindwurm simulacra (IceCv)
  6 howler monkeys
  11 orc priests
  A gnoll bouda (D:7)
  11 komodo dragon simulacra (IceCv)
  Crazy Yiuf (D:5)
  A hound (D:7)
  18 orc wizards
  4 iguanas
  Ijyb (D:3)
  A mummy (D:10)
  2 acid dragon simulacra (IceCv)
  9 adders
  11 gnolls
  A shadow imp (D:5)
  2 white imps
  2 swamp drake simulacra (Swamp:4)
  2 ufetubi (D:5)
  6 steam dragon simulacra (IceCv)
  3 worms
  7 dart slugs
  64 orcs
  11 ball pythons
  6 endoplasms
  A giant cockroach (D:2)
  21 goblins
  6 hobgoblins
  6 jackals
  5 quokkas
  19 bats
  4 frilled lizards
  33 kobolds
  6 rats
1347 creatures vanquished.

Vanquished Creatures (others)
  A naga sharpshooter (Snake:1)
  A wizard (Vaults:2)
  14 foxfires
  54 fungi
  26 plants
  11 withered plants (D:15)
107 creatures vanquished.

Grand Total: 1454 creatures vanquished

Notes
Turn   | Place    | Note
-------+----------+-------------------------------------------
     0 | D:1      | Bnni the Demonspawn Hunter began the quest for the Orb.
     0 | D:1      | Reached XP level 1. HP: 16/16 MP: 1/1
   185 | D:1      | Gained mutation: Spells you cast may paralyse adjacent
                  | enemies. [demonic ancestry]
   185 | D:1      | Reached XP level 2. HP: 22/22 MP: 2/2
   215 | D:1      | Reached skill level 4 in Ranged Weapons
   336 | D:1      | Found Vacroikh's Jewellery Emporium.
   519 | D:1      | Gained mutation: Spells you cast may paralyse nearby
                  | enemies. [demonic ancestry]
   519 | D:1      | Reached XP level 3. HP: 28/28 MP: 3/3
  1272 | D:2      | Reached XP level 4. HP: 35/35 MP: 4/4
  1742 | D:2      | Reached skill level 5 in Ranged Weapons
  2034 | D:3      | Noticed Ijyb
  2054 | D:3      | Killed Ijyb
  2055 | D:3      | Reached XP level 5. HP: 41/41 MP: 5/5
  2099 | D:3      | Found Ycyris's Antique Weapon Emporium.
  2514 | D:3      | Found a basalt altar of Yredelemnul.
  2647 | D:4      | Reached XP level 6. HP: 41/48 MP: 6/6
  2653 | D:4      | Identified the ring of Mysticism {rPois Str+4 Dex+6}
  2769 | D:4      | Found a bloodstained altar of Trog.
  2896 | D:4      | Reached skill level 6 in Ranged Weapons
  3065 | D:4      | Found a stormy altar of Qazlal.
  3510 | D:5      | Entered Level 5 of the Dungeon
  3649 | D:5      | Gained mutation: You may rarely emit foul miasma when
                  | damaged in melee. [demonic ancestry]
  3649 | D:5      | Reached XP level 7. HP: 41/54 MP: 7/7
  3813 | D:5      | Reached skill level 7 in Ranged Weapons
  3890 | D:5      | Reached skill level 5 in Fighting
  4520 | D:5      | Found a runed translucent door.
  4521 | D:5      | Noticed Crazy Yiuf
  4626 | D:5      | Killed Crazy Yiuf
  4636 | D:5      | Identified the +1 hammer "Qisavus" {freeze, rC++ Dex-5 SInv
                  | Stlth+}
  4705 | D:5      | Found an opulent altar of Gozag.
  4776 | D:6      | Noticed Duvessa
  4776 | D:6      | Noticed Dowan
  4780 | D:6      | Noticed a kobold demonologist
  4800 | D:5      | Killed Duvessa
  4801 | D:5      | Reached skill level 8 in Ranged Weapons
  4801 | D:5      | Gained mutation: You sometimes emit foul miasma when
                  | damaged in melee. [demonic ancestry]
  4801 | D:5      | Reached XP level 8. HP: 14/64 MP: 8/8
  4810 | D:5      | Killed Dowan
  4997 | D:6      | Killed a kobold demonologist
  5022 | D:6      | Found a hide-covered altar of Uskayaw.
  5022 | D:6      | Noticed a +0 short sword
  5022 | D:6      | Noticed a +0 falchion
  5023 | D:6      | Noticed a +0 falchion
  5024 | D:6      | Noticed a +0 dagger
  5024 | D:6      | Noticed a +0 spear
  5025 | D:6      | Noticed a +0 dagger
  5025 | D:6      | Noticed a +0 spear
  5026 | D:6      | Noticed a +0 short sword
  5212 | D:6      | Found a staircase to the Ecumenical Temple.
  5223 | Temple   | Entered the Ecumenical Temple
  5255 | Temple   | Became a worshipper of Warmaster Okawaru
  5308 | D:6      | Noticed Eustachio
  5327 | D:6      | Killed Eustachio
  5328 | D:6      | Reached skill level 9 in Ranged Weapons
  5704 | D:6      | Found an ornate altar of the Wu Jian Council.
  5984 | D:7      | Gained mutation: You have sharp fingernails. [demonic
                  | ancestry]
  5984 | D:7      | Reached XP level 9. HP: 63/72 MP: 9/9
  6038 | D:7      | Reached skill level 1 in Invocations
  6169 | D:7      | Reached * piety under Okawaru
  6258 | D:7      | Reached skill level 10 in Ranged Weapons
  6448 | D:7      | Found a flagged portal.
  6457 | Bailey   | Entered a bailey
  6463 | Bailey   | Noticed an orc warlord
  6501 | Bailey   | Noticed an orc knight
  6534 | Bailey   | Killed an orc knight
  6534 | Bailey   | Reached ** piety under Okawaru
  6755 | Bailey   | Found a runed translucent gate.
  6756 | Bailey   | Found a runed translucent gate.
  6757 | Bailey   | Found a runed translucent gate.
  7030 | Bailey   | Killed an orc warlord
  7030 | Bailey   | Reached *** piety under Okawaru
  7031 | Bailey   | Reached skill level 11 in Ranged Weapons
  7031 | Bailey   | Reached skill level 5 in Invocations
  7031 | Bailey   | Gained mutation: You frequently emit foul miasma when
                  | damaged in melee. [demonic ancestry]
  7031 | Bailey   | Reached XP level 10. HP: 52/82 MP: 12/14
  7190 | Bailey   | Reached skill level 14 in Ranged Weapons
  7190 | Bailey   | Reached XP level 11. HP: 87/87 MP: 15/15
  7467 | D:7      | Found Hig Cur's Magic Scroll Boutique.
  7917 | D:8      | Found a staircase to the Lair.
  7979 | D:8      | Noticed Psyche
  7999 | D:8      | Killed Psyche
  8198 | D:8      | Found Riowk's Book Boutique.
  8206 | D:8      | Bought a book of Debilitation for 280 gold pieces
  8208 | D:8      | Learned a level 1 spell: Slow
  8650 | D:9      | Noticed a two-headed ogre
  8656 | D:9      | Killed a two-headed ogre
  8656 | D:9      | Reached **** piety under Okawaru
  8657 | D:9      | Reached skill level 1 in Hexes
  9155 | D:9      | Found a sacrificial altar of Ru.
  9335 | D:9      | Found an ancient bone altar of Kikubaaqudgha.
  9335 | D:9      | Found a shimmering blue altar of Sif Muna.
  9372 | D:9      | Identified a scroll of acquirement
  9374 | D:9      | Acquired a +4 ring of slaying
  9397 | D:10     | Entered Level 10 of the Dungeon
  9632 | D:10     | Reached ***** piety under Okawaru
  9713 | D:10     | Reached skill level 15 in Ranged Weapons
 10041 | D:10     | Identified the +2 robe of Exclusion {Fly} (Okawaru gifted
                  | it to you on level 10 of the Dungeon)
 10041 | D:10     | Received a gift from Okawaru
 10168 | D:10     | Found a portal to a secret trove of treasure.
 10260 | D:10     | Found a snail-covered altar of Cheibriados.
 10315 | D:11     | Reached XP level 12. HP: 96/96 MP: 16/18
 10472 | D:11     | Found a staircase to the Orcish Mines.
 10903 | D:11     | Noticed a two-headed ogre
 10908 | D:11     | Killed a two-headed ogre
 10909 | D:11     | Reached skill level 10 in Fighting
 11452 | D:12     | Found a blossoming altar of Fedhas.
 11461 | D:12     | Reached skill level 5 in Hexes
 11596 | D:12     | Identified the +8 dire flail "Xoole" {speed, rN+ Str+4}
                  | (Okawaru gifted it to you on level 12 of the Dungeon)
 11596 | D:12     | Received a gift from Okawaru
 11810 | D:12     | Found the +7 Singing Sword {vorpal, sonic wave}
 12068 | D:13     | Reached skill level 16 in Ranged Weapons
 12256 | D:13     | Found a frozen archway.
 12265 | IceCv    | Entered an ice cave
 12289 | IceCv    | Reached skill level 10 in Invocations
 12482 | IceCv    | Received a gift from Okawaru
 12761 | IceCv    | Noticed an ice dragon
 12777 | IceCv    | Reached XP level 13. HP: 81/104 MP: 13/20
 12859 | IceCv    | Identified the amulet of Ozizob {RegenMP Regen+ MP+9 Int-4}
 13444 | D:14     | HP: 5/104 [very large slime creature (36)]
 13562 | D:14     | Noticed Roxanne
 13577 | D:14     | Killed Roxanne
 13759 | D:14     | Identified the +1 scale mail "Qupn" {rC++ rCorr Str+4
                  | Int-4} (Okawaru gifted it to you on level 14 of the
                  | Dungeon)
 13759 | D:14     | Received a gift from Okawaru
 13868 | D:14     | Found a gate to the Vaults.
 14177 | D:14     | Identified the +1 mace of Virtue {protect, Int+7}
 14295 | D:15     | Entered Level 15 of the Dungeon
 14799 | D:15     | Reached XP level 14. HP: 49/113 MP: 23/23
 14956 | D:15     | Found a staircase to the Depths.
 15086 | D:15     | Found a runed translucent gate.
 15086 | D:15     | Noticed Ishelikk's ghost (journeyman FeTm)
 15087 | D:15     | Found a runed translucent gate.
 15088 | D:15     | Found a runed translucent gate.
 15088 | D:15     | Noticed an orc warlord
 15719 | Lair:1   | Entered Level 1 of the Lair of Beasts
 15788 | Lair:1   | Received a gift from Okawaru
 16358 | Lair:1   | Reached skill level 17 in Ranged Weapons
 16653 | Lair:2   | Reached skill level 5 in Dodging
 16840 | Lair:2   | Learned a level 2 spell: Blink
 17533 | Lair:3   | Found a staircase to the Snake Pit.
 18082 | Lair:3   | Found a staircase to the Swamp.
 18428 | Lair:4   | Identified the +0 pair of gloves "Quaned" {rF+ Str+5 Int+3
                  | SInv}
 18586 | Lair:4   | Identified the +4 shortbow "Gesoj" {vorpal, rN+ MP+9 Int+3}
                  | (Okawaru gifted it to you on level 4 of the Lair of Beasts)
 18586 | Lair:4   | Received a gift from Okawaru
 18948 | Lair:5   | Entered Level 5 of the Lair of Beasts
 18958 | Lair:4   | Reached ****** piety under Okawaru
 19181 | Lair:4   | Reached skill level 18 in Ranged Weapons
 19332 | Lair:4   | Reached skill level 1 in Translocations
 19507 | Lair:5   | Reached skill level 1 in Armour
 19510 | Lair:5   | Gained mutation: You are partially covered in yellow
                  | scales. (AC +2) [demonic ancestry]
 19510 | Lair:5   | Reached XP level 15. HP: 111/122 MP: 24/24
 19604 | Lair:5   | Found a viscous altar of Jiyva.
 19604 | Lair:5   | Found a staircase to the Slime Pits.
 19720 | Lair:5   | Identified the +2 ring mail of Ellixtik {Harm rPois Stlth-}
 20085 | Lair:5   | Identified the +0 cloak of Judumir {rF++ Int+4} (Okawaru
                  | gifted it to you on level 5 of the Lair of Beasts)
 20085 | Lair:5   | Received a gift from Okawaru
 20159 | Lair:5   | Reached skill level 1 in Spellcasting
 20685 | Orc:1    | Entered Level 1 of the Orcish Mines
 20963 | Orc:2    | Entered Level 2 of the Orcish Mines
 21062 | Orc:2    | Reached skill level 5 in Translocations
 21091 | Orc:2    | Found Ruolaym's Weapon Shoppe.
 21098 | Orc:2    | Found Maigoth's Antique Armour Shop.
 21110 | Orc:2    | Found Adoug's Assorted Antiques.
 21124 | Orc:2    | Found Kuczegga's Distillery.
 21127 | Orc:2    | Bought a pair of heavily runed boots for 304 gold pieces
 21127 | Orc:2    | Identified the +2 pair of boots of the Evening {rElec
                  | Slay+2} (You bought it in a shop on level 2 of the Orcish
                  | Mines)
 21153 | Orc:2    | Found a staircase to the Elven Halls.
 21935 | Snake:1  | Entered Level 1 of the Snake Pit
 22112 | Snake:1  | Identified the +2 robe of the Morning {Contam *Corrode
                  | rPois rN+++ Will+} (Okawaru gifted it to you on level 1 of
                  | the Snake Pit)
 22112 | Snake:1  | Received a gift from Okawaru
 22130 | Snake:1  | Learned a level 1 spell: Apportation
 22198 | Snake:1  | Learned a level 4 spell: Passage of Golubria
 22667 | Snake:1  | Gained mutation: You have very sharp fingernails. [demonic
                  | ancestry]
 22667 | Snake:1  | Reached XP level 16. HP: 119/131 MP: 25/25
 23571 | Snake:1  | Reached skill level 5 in Armour
 24276 | Snake:2  | Received a gift from Okawaru
 24431 | Snake:2  | Found Qiomoen's Distillery.
 24453 | Snake:2  | Bought a potion of heal wounds for 75 gold pieces
 25885 | Snake:3  | Reached skill level 10 in Dodging
 25938 | Snake:3  | Received a gift from Okawaru
 26309 | Snake:3  | Reached skill level 15 in Fighting
 26493 | Snake:3  | Learned a level 4 spell: Leda's Liquefaction
 26807 | Snake:4  | Entered Level 4 of the Snake Pit
 26890 | Snake:4  | Reached XP level 17. HP: 125/142 MP: 26/26
 26969 | Snake:4  | Found Qyphetz's Antique Weapon Shop.
 26980 | Snake:4  | Bought a slimy arbalest for 313 gold pieces
 26980 | Snake:4  | Identified the +8 arbalest "Cahytato" {flame, Will+ rCorr
                  | Str+2} (You bought it in a shop on level 4 of the Snake
                  | Pit)
 27124 | Snake:4  | Identified the +2 ring mail of the Stallion {Fly rF+ Dex+3}
 27145 | Snake:4  | Identified the +6 triple crossbow of Prudence {vorpal,
                  | rElec rC+++ rCorr Dex-4} (Okawaru gifted it to you on level
                  | 4 of the Snake Pit)
 27145 | Snake:4  | Received a gift from Okawaru
 27174 | Snake:4  | Upgraded the game from 0.30-a0-222-ge547ba4400 to
                  | 0.30-a0-234-g97d66968fd
 27305 | Snake:4  | Reached skill level 19 in Ranged Weapons
 27523 | Snake:4  | Identified the +0 scale mail "Suzuwn" {rPois SInv} (Okawaru
                  | gifted it to you on level 4 of the Snake Pit)
 27523 | Snake:4  | Received a gift from Okawaru
 27557 | Snake:4  | Learned a level 6 spell: Dispersal
 27594 | Snake:4  | Got a serpentine rune of Zot
 28061 | Swamp:1  | Entered Level 1 of the Swamp
 29064 | Swamp:2  | Noticed Donald
 29069 | Swamp:2  | Noticed Louise
 29070 | Swamp:2  | Killed Donald
 29075 | Swamp:2  | Killed Louise
 29384 | Swamp:2  | Received a gift from Okawaru
 29752 | Swamp:3  | Reached skill level 5 in Spellcasting
 29887 | Swamp:3  | Reached XP level 18. HP: 151/152 MP: 27/27
 29942 | Swamp:3  | Noticed Nikola
 29958 | Swamp:3  | Killed Nikola
 30000 | Swamp:3  | Identified the +0 chain mail of the Elephant {+Inv rF-
                  | Dex+7 Stlth+}
 30299 | Swamp:4  | Entered Level 4 of the Swamp
 30304 | Swamp:4  | Noticed a tentacled monstrosity
 30310 | Swamp:3  | Reached skill level 20 in Ranged Weapons
 30376 | Swamp:4  | Identified the +0 pair of boots "Orroaczu" {rElec rC+ Str+3
                  | SInv} (Okawaru gifted it to you on level 4 of the Swamp)
 30376 | Swamp:4  | Received a gift from Okawaru
 30749 | D:10     | You paid a toll of a +5 demon trident to enter a treasure
                  | trove
 30750 | Trove    | Entered a treasure trove
 30758 | Trove    | Identified the +0 hat of the Armoured One {Rampage Int+3}
 30762 | Trove    | Identified the +0 pair of gloves of Odeir {Fly}
 30765 | Trove    | Identified the +1 helmet "Ihiuliugu" {Rampage rF+ MP-9
                  | Slay+3}
 30769 | Trove    | Identified the +7 crystal plate armour of the Ant {rElec}
 30771 | Trove    | Identified the +0 buckler of the Sunfish {rN+}
 30773 | Trove    | Identified the +1 pair of gloves of Indecent Exposure {Harm
                  | rCorr Stlth+}
 31120 | Swamp:4  | Got a decaying rune of Zot
 31404 | Swamp:4  | Killed a tentacled monstrosity
 32087 | Elf:1    | Entered Level 1 of the Elven Halls
 32213 | Elf:1    | Found Offorch's Book Shoppe.
 32218 | Elf:1    | Found Ciddeor's Magic Scroll Shoppe.
 32385 | Elf:1    | Bought Ymeoskuur's Vademecum on the Allied Excursion for
                  | 352 gold pieces
 32385 | Elf:1    | Bought a book of the Warp for 462 gold pieces
 32385 | Elf:1    | Bought the Anthology of Forceful Malediction for 198 gold
                  | pieces
 32389 | Elf:1    | Learned a level 3 spell: Dazzling Flash
 32393 | Elf:1    | Learned a level 3 spell: Gell's Gravitas
 32399 | Elf:1    | Bought a scroll of enchant weapon for 135 gold pieces
 32651 | Elf:1    | Learned a level 3 spell: Portal Projectile
 32668 | Elf:1    | Found Ustegaby's General Store.
 33645 | Elf:2    | Found Wicsog's Magic Scroll Boutique.
 33726 | Elf:2    | Found Fiarph's Book Boutique.
 33727 | Elf:2    | Found Sobokhluo's Jewellery Shoppe.
 33727 | Elf:2    | Found Ehenyoj's Jewellery Shoppe.
 33771 | Elf:2    | Identified the +2 shortbow "Yddoelakh" {vorpal, Str+7}
                  | (Okawaru gifted it to you on level 2 of the Elven Halls)
 33771 | Elf:2    | Received a gift from Okawaru
 33836 | Elf:2    | Found a huge runed translucent gate.
 33836 | Elf:2    | Found a huge runed translucent gate.
 33836 | Elf:2    | Found a huge runed translucent gate.
 33838 | Elf:2    | Found a huge runed translucent gate.
 33838 | Elf:2    | Found a huge runed translucent gate.
 34220 | Elf:2    | Reached skill level 10 in Translocations
 34427 | Elf:2    | Received a gift from Okawaru
 34782 | Elf:3    | Entered Level 3 of the Elven Halls
 35136 | Elf:3    | Identified the +6 scimitar of Tyseg {flame, rPois rN+++
                  | Str-4 Int-4}
 35529 | Elf:3    | Gained mutation: You have claws for hands. [demonic
                  | ancestry]
 35529 | Elf:3    | Reached XP level 19. HP: 161/161 MP: 20/29
 35548 | Elf:3    | Identified the +1 robe "Ziasurur" {*Slow rPois Dex+3
                  | Slay+2}
 35548 | Elf:3    | Identified the ring "Iraposmi" {Ice rN++ Int+6 Dex-5}
 35616 | Elf:3    | Reached skill level 21 in Ranged Weapons
 35629 | Elf:3    | Identified the -1 pair of boots of the Arena {+Blink rF+}
                  | (Okawaru gifted it to you on level 3 of the Elven Halls)
 35629 | Elf:3    | Received a gift from Okawaru
 35877 | Elf:3    | Identified the +6 rapier "Oduymerr" {vorpal, Will+ Dex+2}
 36165 | Elf:3    | Identified the +3 spear of Lusun {freeze, rCorr}
 36294 | Elf:3    | Found the +2 hood of the Assassin {Detection Stab+ Stlth++}
 36857 | Vaults:1 | Entered Level 1 of the Vaults
 37394 | Arena    | Entered the Arena
 37421 | Arena    | Entered the Arena
 39646 | Vaults:2 | Gained mutation: You are mostly covered in yellow scales.
                  | (AC +3) [demonic ancestry]
 39646 | Vaults:2 | Reached XP level 20. HP: 124/170 MP: 21/32
 40020 | Vaults:2 | Received a gift from Okawaru
 40803 | Vaults:2 | Found a staircase to the Crypt.
 41109 | Arena    | Entered the Arena
 41111 | Arena    | Annihilated by an ironbound thunderhulk

Illustrated notes

Levels and vault maps discovered:
D:1:      ncdulo_smallfort, layout_loops_corners, serial_shops,
          nicolae_shop_temple_entry_statues_fountains, minmay_pentomino_z4
D:2:      minmay_chambers_of_ones, layout_basic, chequers_serial_rivers_room_b,
          chequers_serial_rivers_micro_b, minmay_misc_feat_cross
D:3:      layout_basic, kennysheep_ying_yang, serial_shops, shop, uniq_ijyb
D:4:      layout_gridville, bloody_trog, old_standard_altar, minmay_checkerbox
D:5:      layout_loops_cross, mainiacjoe_overflow_alcove_1, minmay_starry_boxes,
          uniq_crazy_yiuf_cottage
D:6:      layout_loops_ring, nicolae_uskayaw_en_pointe,
          mainiacjoe_overflow_six_doors_small, minmay_temple_entry_glassed_door,
          columned_hall_lemuel, uniq_eustachio, uniq_duvessa
D:7:      layout_cave_pods, serial_shops, shop_scrolls, serial_park,
          serial_park_avenue1, serial_park_square1
          [serial_park_minivault_5x5_1], serial_park_square3
          [serial_park_minivault_5x5_5], serial_park_tiny_pond, enter_bailey_2,
          minmay_diced_spiral
D:8:      layout_basic, dpeg_oklobed_lair, serial_shops, shop,
          solitary_fountain, amethyst_killhole, uniq_psyche
D:9:      layout_loops_ring, mainiacjoe_overflow_alcove_4,
          gammafunk_temple_overflow_elements, kennysheep_flooded_box
D:10:     layout_roguey [special_room_kobold], chei_slow_surprise, enter_trove_2
D:11:     layout_irregular_city, kennysheep_orc_monster_closet_entryway
D:12:     old_forge, layout_loops_ring, fedhas_bush_and_centaur_altar
D:13:     layout_rooms, portal_ice_cave_entry_pillars_2
D:14:     layout_rooms, grunt_vaults_entry_tiered, elyvilon_altar_1,
          hangedman_batty, uniq_roxanne
D:15:     gammafunk_depths_entry_grave, layout_basic,
          nicolae_cairo_tiling_large_dashed, biasface_ghost_orc_armoury
Temple:   nicolae_temple_bog_church
Lair:1:   layout_cave_pods, st_stairs_7
Lair:2:   layout_loops_ring, grunt_megastairs_4
Lair:3:   layout_regular_city, minmay_swamp_entry_worms,
          minmay_snake_entry_guardpost_small
Lair:4:   layout_long_grid, kennysheep_catoblepas_arena, grunt_megastairs_3,
          infiniplex_staircase_pool, lemuel_fruit_fields
Lair:5:   minmay_lair_end_enchanted_forest, layout_regular_city, slime_entry_1,
          minivault_19, hibernation_bobbens, infiniplex_staircase_pool_2,
          grunt_megastairs_2
Swamp:1:  layout_basic_swamp, serial_swamp_ruin, evilmike_swamp_ruin_house_3,
          evilmike_swamp_ruin_house_1, swamp_pool5
Swamp:2:  nicolae_swamp_ascending_descending, layout_falls_marsh,
          evilmike_swamp_ruin_rubble_2, uniq_donald, uniq_louise
Swamp:3:  layout_basic_swamp, evilmike_swamp_ruin_wall, swamp_pool1, uniq_nikola
Swamp:4:  swamp_icy, layout_basic_swamp, swamp_pool1
Snake:1:  layout_honeycomb, nicolae_snake_omega
Snake:2:  layout_onion_interference, serial_shops, shop, grunt_megastairs_5
Snake:3:  layout_onion_interference
Snake:4:  snake_pit, layout_basic, serial_shops, nicolae_shop_waterfront,
          nicolae_triple_integral, serial_bayou_shore_a
Orc:1:    layout_caves, basic_altar
Orc:2:    st_orc_open, layout_caves, nicolae_orc_lava_room
Elf:1:    nicolae_elf_arrival_fired_up, layout_geoelf_grid, serial_shops,
          nicolae_shop_behind_doors, minmay_elf_demonology, minmay_shop_star
Elf:2:    elven_hall_of_blades_hangedman_alternative
          [nicolae_blade_entry_area_security], layout_geoelf_octagon,
          serial_shops, shop, drop_trap, fountainhead, minmay_shop_grove
Elf:3:    grunt_elf_hall_diamonds, layout_geoelf_diagonals, hex_medium
Vaults:1: vaults_room_pool, ontoclasm_vaults_ligature,
          nicolae_vaults_fighting_squares, grunt_vaults_diagonal,
          vaults_mumra_chevron, v_misc_27, nicolae_vaults_bisected_exclaves,
          nicolae_vaults_little_squares_5, nicolae_vaults_asterisk,
          vaults_room_door_hall, vaults_mumra_hexcomb,
          nicolae_vaults_little_squares_1, nicolae_vaults_border_crossing,
          layout_vaults_omnigrid, serial_shops
Vaults:2: ontoclasm_vaults_shuriken, vaults_standard_mumra_enter_the_diamond,
          minmay_crypt_entry_simple_statues, vaults_dpeg_doors,
          nicolae_vaults_what_the_h, ontoclasm_vaults_fault, v_misc_27,
          grunt_vaults_bifocal, st_lines, vaults_room_grid,
          hangedman_vaults_unwind, hangedman_vaults_stream,
          layout_vaults_omnibox, uniq_aizul
Arena

Skill      XL: |  1  2  3  4  5  6  7  8  9 10 11 12 13 14 15 16 17 18 19 20 |
---------------+-------------------------------------------------------------+-----
Ranged Weapons | 4 5 6 8 9 11 14 15 16 18 19 20 21 | 21.4
Fighting       | 3 4 5 7 8 9 10 11 12 13 15 16 17 18 | 18.1
Invocations    | 5 8 10 12 13 | 13.0
Hexes          | 3 5 7 8 9 |  9.0
Dodging        | 2 4 6 8 10 | 10.0
Translocations | 1 6 8 10 12 13 | 13.4
Armour         | 1 4 5 |  5.0
Spellcasting   | 3 4 5 7 8 9 |  9.3
Stealth        | |  0.8

Action                   |  1- 3 |  4- 6 |  7- 9 | 10-12 | 13-15 | 16-18 | 19-21 || total
-------------------------+-------+-------+-------+-------+-------+-------+-------++-------
Melee: Double sword      |       |       |       |    20 |       |       |       ||    20
       Punch             |       |       |       |     1 |       |       |       ||     1
 Fire: Shortbow          |   133 |   269 |   334 |   577 |       |       |       ||  1313
       Arbalest          |       |       |       |    37 |  1014 |  1214 |     2 ||  2267
       Triple crossbow   |       |       |       |       |       |     8 |   578 ||   586
Throw: Dart              |       |       |    22 |     1 |       |       |       ||    23
 Cast: Slow              |       |       |       |     3 |    17 |     4 |     2 ||    26
       Blink             |       |       |       |       |       |    11 |     5 ||    16
       Passage of Golubr |       |       |       |       |       |     9 |       ||     9
       Gell's Gravitas   |       |       |       |       |       |     4 |       ||     4
       Portal Projectile |       |       |       |       |       |     1 |     6 ||     7
       Dispersal         |       |       |       |       |       |     1 |       ||     1
       Leda's Liquefacti |       |       |       |       |       |       |     3 ||     3
Invok: Heroism           |       |       |       |     2 |    10 |     3 |    26 ||    41
       Finesse           |       |       |       |     1 |     8 |     7 |     6 ||    22
       Duel              |       |       |       |       |       |       |     3 ||     3
Evoke: Wand              |       |     1 |       |       |       |       |       ||     1
  Use: Scroll            |       |     7 |    12 |    12 |     8 |     6 |     1 ||    46
       Potion            |       |       |     5 |     1 |     8 |     1 |    10 ||    25
 Stab: Paralysed         |       |       |       |     1 |       |       |       ||     1
Armor: Leather armour    |    10 |       |       |     1 |   127 |    95 |    41 ||   274
       Ring mail         |    22 |    55 |    96 |    39 |       |       |       ||   212
       Skin              |       |     9 |       |       |       |       |       ||     9
       Robe              |       |       |       |     1 |       |       |       ||     1
       Troll leather arm |       |       |       |    54 |       |       |       ||    54
Dodge: Dodged            |    57 |    68 |   105 |   122 |   288 |   399 |   170 ||  1209
Block: Other             |       |       |       |       |     6 |    89 |    56 ||   151
       Reflection        |       |       |       |       |     2 |    17 |    18 ||    37

Table legend: (Time is in decaauts)
 A = Elapsed time spent in this place.
 B = Non-inter-level travel time spent in this place.
 C = Inter-level travel time spent in this place.
 D = Time resting spent in this place.
 E = Time spent auto-exploring this place.
 F = Levels seen in this place.
 G = Mean time per level.
                   A        B        C        D        E       F      G
               +--------+--------+--------+--------+--------+-----+--------+
         Total |  41290 |  38525 |   2765 |   6629 |  23851 |  42 |  983.1 |
       Dungeon |  14778 |  13540 |   1238 |   1148 |   9607 |  15 |  985.2 |
        Temple |     45 |     35 |     10 |      0 |      0 |   1 |   45.0 |
          Lair |   5334 |   4725 |    609 |    409 |   3580 |   5 | 1066.8 |
         Swamp |   3709 |   3436 |    273 |    398 |   2355 |   4 |  927.2 |
     Snake Pit |   5971 |   5693 |    278 |   1428 |   3192 |   4 | 1492.8 |
  Orcish Mines |   1086 |    977 |    109 |     89 |    647 |   2 |  543.0 |
   Elven Halls |   4602 |   4406 |    196 |   1520 |   1917 |   3 | 1534.0 |
        Vaults |   4217 |   4168 |     49 |   1203 |   2184 |   2 | 2108.5 |
         Trove |     46 |     46 |      0 |      0 |      0 |   1 |   46.0 |
        Bailey |    804 |    804 |      0 |    244 |    196 |   1 |  804.0 |
      Ice Cave |    651 |    651 |      0 |    178 |    171 |   1 |  651.0 |
         Arena |     41 |     41 |      0 |     10 |      0 |   3 |   13.7 |
               +--------+--------+--------+--------+--------+-----+--------+

Top non-repeatable levels by time:
Vaults:1: 2428 daAuts
 Snake:1: 2025 daAuts
   Elf:3: 1865 daAuts
Vaults:2: 1789 daAuts
 Snake:2: 1640 daAuts
   Elf:1: 1591 daAuts
     D:5: 1319 daAuts
    D:14: 1233 daAuts
     D:7: 1217 daAuts
     D:1: 1196 daAuts
  Lair:3: 1187 daAuts
    D:15: 1186 daAuts
 Snake:4: 1165 daAuts
   Elf:2: 1145 daAuts
 Snake:3: 1139 daAuts
